 Dungeon Crawl Stone Soup version 0.27-a0-1188-g73eefd5def (webtiles) character file.

Game seed: 7894932104859548493

25 Lemonice the Skirmisher (level 2, 0/24 HPs)
             Began as a Demonspawn Abyssal Knight on May 21, 2021.
             Was a Follower of Lugonu.
             Slain by Natasha (4 damage)
             ... on level 2 of the Dungeon.
             The game lasted 00:01:07 (790 turns).

Lemonice the Skirmisher (Demonspawn Abyssal Knight)  Turns: 790, Time: 00:01:07

Health: 0/24       AC:  3    Str: 12    XL:     2   Next: 86%
Magic:  4/4        EV: 15    Int: 13    God:    Lugonu [*.....]
Gold:   36         SH:  0    Dex: 12    Spells: 1/1 levels left

rFire    . . .     SeeInvis .   a - +1 hand axe
rCold    . . .     Faith    .   (no shield)
rNeg     . . .     Spirit   .   b - +0 leather armour
rPois    .         Reflect  .   (no helmet)
rElec    .         Harm     .   (no cloak)
rCorr    .         Rampage  .   (no gloves)
Will     .....                  (no boots)
Stlth    +.........             (no amulet)
HPRegen  0.08/turn              d - +4 ring of evasion
MPRegen  0.09/turn              (no ring)

@: no status effects
A: sturdy frame 1
a: Renounce Religion, Depart the Abyss


You were on level 2 of the Dungeon.
You worshipped Lugonu.
Lugonu was aware of your devotion.
You visited 1 branch of the dungeon, and saw 2 of its levels.
You visited the Abyss 1 time.

You collected 36 gold pieces.

Inventory:

Hand Weapons
 a - a +1 hand axe (weapon)
Armour
 b - a +0 leather armour (worn)
Jewellery
 d - a +4 ring of evasion (left hand)
Scrolls
 c - a scroll of noise {unknown}
 f - a scroll of teleportation {unknown}
 g - a scroll of enchant armour {unknown}
Potions
 e - a potion of curing {unknown}


   Skills:
 + Level 3.2 Fighting
 + Level 2.1 Axes
 + Level 2.1 Armour
 + Level 1.3 Dodging
 + Level 2.9 Invocations


You had one spell level left.
You didn't know any spells.
Your spell library was empty.

Dungeon Overview and Level Annotations

Branches:
Dungeon (2/15)

Altars:

Annotations:
D:2 Natasha


Innate Abilities, Weirdness & Mutations

Your movements are slightly less encumbered by armour. (ER -2)


Message History

g - a scroll labelled HEACEH ROSELYN
Things that are here:
a +0 dagger; 21 stones
Things that are here:
a +0 dagger; 21 stones Done exploring.
Done exploring.
(D) Dungeon
Where to? (? - help)
What level of the Dungeon? (default 1, ? - help)
There is a stone staircase leading down here.
You climb downwards.
Natasha, Servant of Life and Death comes into view.
There is a stone staircase leading up here.
Natasha hisses angrily.
Natasha mumbles some strange words.
You feel disoriented. Natasha closely misses you.
Found an escape hatch in the floor.
You barely miss Natasha. Natasha completely misses you.
You barely miss Natasha. Natasha claws you but does no damage.
You closely miss Natasha. Natasha misses you.
You closely miss Natasha. Natasha barely misses you.
You hit Natasha but do no damage. Natasha completely misses you.
Natasha mumbles some strange words.
You closely miss Natasha. Natasha closely misses you.
You hit Natasha.
Natasha is moderately wounded.
Natasha casts a spell at you. The magic dart hits you.
The shadow imp gestures at you. Pain shoots through your body!
You hit Natasha but do no damage.
Natasha is moderately wounded.
Natasha claws you!
* * * LOW HITPOINT WARNING * * *
You barely miss Natasha.
Natasha is moderately wounded.
You hit the shadow imp. Natasha claws you.
You die...

## #.. #.#####
#..... #...##
## #....#..#
###.......#
#<.....#
###@...#
.......5h..#
########.......
....### ......
......# .#.####
>...


You could see Natasha and a shadow imp (summoned).

Vanquished Creatures
  3 ball pythons (D:1)
  2 endoplasms (D:1)
  A giant cockroach (D:1)
  3 hobgoblins (D:1)
  4 jackals (D:1)
  A kobold (D:1)
  A bat (D:1)
  2 frilled lizards (D:1)
  3 goblins (D:1)
  3 rats (D:1)
23 creatures vanquished.

Notes
Turn   | Place    | Note
-------+----------+-------------------------------------------
     0 | Abyss:1  | Lemonice the Demonspawn Abyssal Knight began the quest for
                  | the Orb.
     0 | Abyss:1  | Reached XP level 1. HP: 18/18 MP: 2/2
     1 | D:1      | Escaped the Abyss
   111 | D:1      | Reached skill level 1 in Dodging
   234 | D:1      | Gained mutation: Your movements are slightly less
                  | encumbered by armour. (ER -2) [demonic ancestry]
   234 | D:1      | Reached XP level 2. HP: 24/24 MP: 4/4
   261 | D:1      | Reached * piety under Lugonu
   599 | D:1      | Found a faded altar of an unknown god.
   779 | D:2      | Noticed Natasha
   790 | D:2      | Slain by Natasha

Illustrated notes

Levels and vault maps discovered:
D:1:      dpeg_arrival_arbitrary_a, layout_rooms,
          chequers_ecumenical_altar_simple
D:2:      layout_basic, basic_altar, minmay_vboxes, uniq_natasha

Skill      XL: |  1  2 |
---------------+-------+-----
Dodging        | 1 |  1.3
Axes           | 2 |  2.1
Armour         | 2 |  2.1
Fighting       | |  3.2
Invocations    | |  2.9

Action                   || total
-------------------------++-------
Melee: Hand axe          ||    77
Invok: Depart the Abyss  ||     1
Armor: Leather armour    ||    24
Dodge: Dodged            ||    55

Table legend: (Time is in decaauts)
 A = Elapsed time spent in this place.
 B = Non-inter-level travel time spent in this place.
 C = Inter-level travel time spent in this place.
 D = Time resting spent in this place.
 E = Time spent auto-exploring this place.
 F = Levels seen in this place.
 G = Mean time per level.
                   A        B        C        D        E       F      G
               +--------+--------+--------+--------+--------+-----+--------+
         Total |    804 |    786 |     18 |      0 |    638 |   3 |  268.0 |
       Dungeon |    803 |    785 |     18 |      0 |    638 |   2 |  401.5 |
         Abyss |      1 |      1 |      0 |      0 |      0 |   1 |    1.0 |
               +--------+--------+--------+--------+--------+-----+--------+

Top non-repeatable levels by time:
     D:1: 791 daAuts
     D:2: 12 daAuts
 Abyss:1: 1 daAuts
